Map: Orbital Shipyard

Players

MiNiMaTh

  • Race: Zerg Zerg
  • League: Grandmaster

Miszu - Winner!

  • Race: Terran Terran
  • League: Grandmaster

VOD

Have the link to the VOD?

Description

Time

  • Played on: Feb. 7, 2016, 4:38 p.m.
  • Length: 12:00
Show
View Real Time Build Order
Export as new Build Order

MiNiMaTh Zerg 

Build Orders: Pool First 

Get SALT Encoding   

  12  0:00  Drone  
  13  0:12  Overlord  
  13  0:17  Drone  
  14  0:30  Drone x2  
  14  0:35  Drone  
  17  0:45  Extractor  
  17  0:46  Spawning Pool  
  17  0:49  Drone  
  16  0:55  Drone  
  17  1:17  Hatchery  
  16  1:18  Drone  
  17  1:28  Drone x2  
  19  1:37  Queen  
  21  1:45  Metabolic Boost  
  21  1:52  Overlord  
  21  1:55  Zergling x2  
  22  2:10  Zergling x2  
  22  2:11  Zergling x2  
  24  2:16  Queen  
  26  2:24  Zergling x2  
  27  2:36  Queen  
  29  2:42  Drone  
  31  2:44  Drone x3  
  31  2:45  Drone x2  
  31  2:46  Drone  
  36  3:05  Overlord x2  
  36  3:12  Hatchery  
  35  3:21  Zergling x2  
  35  3:25  Zergling x4  
  35  3:26  Zergling x6  
  41  3:32  Zergling x4  
  43  3:36  Zergling x2  
  43  3:37  Zergling x6  
  46  3:41  Drone  
  46  3:45  Drone  
  48  3:53  Overlord  
  48  3:54  Drone  
  48  3:55  Drone x2  
  51  4:11  Roach Warren  
  51  4:12  Drone  
  51  4:13  Drone x4  
  55  4:17  Drone  
  55  4:18  Drone  
  55  4:22  Extractor  
  55  4:23  Extractor  
  55  4:28  Drone x2  
  55  4:29  Drone  
  58  4:34  Queen  
  58  4:37  Drone x3  
  63  4:43  Drone x2  
  65  4:46  Overlord x2  
  65  4:50  Lair  
  65  4:55  Evolution Chamber  
  65  4:56  Evolution Chamber  
  64  5:00  Drone x2  
  64  5:04  Overlord  
  64  5:05  Drone x2  
  67  5:13  Drone  
  67  5:14  Drone x4  
  70  5:16  Drone  
  70  5:20  Overlord  
  73  5:22  Overlord  
  73  5:23  Drone  
  73  5:27  Zerg Missile Weapons Level 1  
  74  5:31  Zerg Ground Armor Level 1  
  68  5:48  Drone x4  
  68  5:49  Roach x4  
  75  5:50  Roach x2  
  75  5:56  Roach x4  
  83  6:01  Glial Reconstitution  
  83  6:03  Roach  
  85  6:04  Zergling x6  
  88  6:14  Drone  
  88  6:17  Extractor  
  88  6:19  Roach x5  
  88  6:21  Overlord x3  
  98  6:34  Extractor  
  98  6:35  Extractor  
  98  6:36  Drone x2  
  98  6:40  Drone  
  98  6:41  Roach x4  
  107  6:47  Roach x3  
  107  6:48  Roach  
  107  6:53  Drone x4  
  119  6:54  Drone  
  119  6:59  Overlord x4  
  117  7:09  Hatchery  
  117  7:10  Overlord  
  117  7:11  Overlord  
  116  7:22  Roach x4  
  124  7:24  Drone x3  
  124  7:25  Drone  
  124  7:26  Roach  
  130  7:34  Infestation Pit, Roach x3  
  135  7:39  Roach x3  
  135  7:40  Roach x2  
  102  8:01  Roach x11  
  102  8:02  Roach  
  113  8:06  Queen  
  109  8:29  Roach x9  
  109  8:32  Queen  
  129  8:37  Drone  
  129  8:38  Drone x2  
  132  8:47  Zerg Missile Weapons Level 2  
  129  8:51  Overlord  
  128  9:08  Pathogen Glands  
  128  9:10  Queen, Drone x2  
  128  9:11  Drone  
  128  9:14  Spore Crawler  
  128  9:16  Spore Crawler  
  130  9:18  Drone x2  
  126  9:31  Hatchery  
  126  9:37  Drone x3  
  126  9:38  Drone x3  
  130  9:39  Infestor x5  
  130  9:40  Infestor  
  142  9:56  Ravager x3  
  142  9:57  Ravager x3  
  142  9:58  Roach x2  
  152  10:05  Roach x2  
  152  10:06  Roach x3  
  162  10:17  Overlord x4  
  143  10:35  Roach  
  111  10:36  Roach x10  
  111  10:42  Roach x2  
  131  10:45  Overlord  
  129  10:55  Roach x4  
  134  10:59  Roach  
  134  11:00  Ravager x3  
  134  11:01  Ravager  
  134  11:02  Ravager  
  141  11:13  Roach x5  
  141  11:14  Roach x2  
  155  11:25  Roach x3  
  161  11:33  Hatchery  
  161  11:34  Roach x4  
Show
View Real Time Build Order
Export as new Build Order

Miszu Terran - Winner!

Build Orders: MMM Bio 

Get SALT Encoding   

  12  0:01  SCV  
  13  0:14  SCV  
  13  0:18  Supply Depot  
  14  0:26  SCV  
  15  0:40  SCV  
  15  0:42  Barracks  
  16  0:45  Refinery  
  16  0:52  SCV  
  17  1:04  SCV  
  18  1:16  SCV  
  19  1:29  Orbital Command  
  19  1:30  Barracks Reactor  
  19  1:40  Command Center  
  19  1:48  Supply Depot  
  19  1:58  SCV  
  20  2:06  Reaper  
  20  2:07  Reaper  
  22  2:10  SCV  
  23  2:22  SCV  
  24  2:28  Command Center  
  24  2:34  SCV  
  25  2:41  Reaper  
  25  2:42  Reaper  
  27  2:46  SCV  
  28  2:52  Orbital Command  
  28  2:58  SCV  
  29  3:10  Barracks  
  29  3:11  Barracks, SCV  
  29  3:12  Refinery  
  30  3:19  Reaper  
  31  3:20  Reaper  
  31  3:22  SCV  
  31  3:23  SCV  
  34  3:34  SCV  
  34  3:35  SCV  
  37  3:42  Orbital Command  
  37  3:46  SCV  
  37  3:47  SCV  
  38  3:52  Marine x2  
  40  3:57  Refinery x2  
  40  3:58  SCV  
  40  3:59  Barracks Tech Lab, SCV  
  40  4:00  Barracks Tech Lab  
  42  4:03  Orbital Command  
  42  4:10  Marine, SCV  
  42  4:11  SCV  
  42  4:12  Marine  
  46  4:18  Factory  
  46  4:20  Marine x2  
  46  4:21  Stimpack  
  46  4:22  SCV  
  46  4:23  SCV  
  50  4:26  Supply Depot  
  50  4:29  Supply Depot, SCV  
  50  4:30  Marine  
  52  4:33  Marine  
  52  4:34  SCV  
  52  4:35  SCV  
  55  4:38  Marine  
  55  4:41  SCV  
  55  4:44  Engineering Bay x2  
  57  4:47  SCV x2  
  59  4:53  Marine x2, SCV  
  59  4:56  Marine  
  59  4:59  SCV x2  
  66  5:00  Supply Depot  
  66  5:03  Supply Depot  
  66  5:05  Starport, SCV, Factory Reactor  
  66  5:07  Marine  
  66  5:10  Terran Infantry Weapons Level 1  
  66  5:11  SCV  
  66  5:12  Terran Infantry Armor Level 1  
  68  5:15  SCV  
  68  5:17  Marine x2  
  68  5:18  Marine  
  72  5:25  Marine  
  72  5:26  Combat Shields  
  72  5:28  SCV x2  
  75  5:29  SCV  
  75  5:35  Marine  
  77  5:40  SCV x2  
  77  5:46  Marine x3  
  77  5:47  SCV  
  76  5:52  Marine, SCV  
  76  5:55  Barracks, Factory Tech Lab  
  76  5:56  Barracks  
  78  5:58  Medivac x2  
  78  6:01  SCV x2  
  85  6:04  SCV  
  85  6:09  Marine  
  86  6:12  Supply Depot x2  
  86  6:13  Supply Depot, SCV  
  86  6:14  SCV  
  86  6:16  SCV  
  86  6:17  Siege Tank  
  92  6:26  SCV  
  92  6:30  Armory  
  93  6:33  Medivac, Marauder x2  
  93  6:34  Concussive Shells  
  93  6:37  SCV x2  
  93  6:38  SCV  
  102  6:43  Barracks  
  102  6:44  Barracks x2  
  102  6:46  Supply Depot  
  102  6:49  Marine  
  102  6:50  Marine x3  
  106  6:55  Marauder x2, Medivac, Siege Tank  
  115  7:07  Marine  
  114  7:16  Marauder x2  
  114  7:19  Marine  
  114  7:22  Supply Depot  
  119  7:24  Marine  
  119  7:25  Supply Depot  
  119  7:26  Medivac x2  
  119  7:27  Supply Depot  
  124  7:30  Refinery  
  124  7:35  Barracks Reactor, Barracks Tech Lab x2  
  124  7:40  Refinery  
  124  7:43  Command Center  
  125  7:44  Marauder  
  125  7:47  Marauder, Siege Tank  
  123  7:53  Marine  
  123  7:54  Marine x3, Marauder  
  125  8:01  Marauder  
  125  8:03  SCV  
  123  8:05  Marauder  
  123  8:08  Marauder  
  123  8:11  Marine  
  123  8:12  Marine  
  124  8:15  Marauder  
  126  8:22  Marauder  
  126  8:26  Marine x3  
  132  8:27  Siege Tank, Medivac, Marauder  
  132  8:30  Marauder, Terran Infantry Weapons Level 2  
  139  8:34  Terran Infantry Armor Level 2  
  139  8:36  Marauder  
  141  8:49  Marine, SCV x2  
  141  8:54  Marine  
  141  8:55  Marine x4, Marauder x3  
  152  8:58  Marauder  
  154  9:07  Marine  
  155  9:12  Marine  
  155  9:14  Supply Depot  
  155  9:15  Supply Depot  
  155  9:16  Supply Depot x2  
  156  9:17  Supply Depot  
  156  9:30  Marine  
  156  9:33  Marine  
  156  9:35  Marine x2, Medivac x2  
  156  9:36  Marauder  
  156  9:37  Marauder x3, Marine x2, Siege Tank  
  175  9:44  Planetary Fortress  
  175  9:48  Marine  
  175  9:50  Marine  
  177  9:53  Refinery  
  177  9:55  Marine  
  177  9:56  Marine x3  
  177  9:57  Marauder  
  177  9:58  Marauder x2  
  177  9:59  Refinery, Marauder  
  189  10:04  Factory  
  189  10:05  Medivac x2  
  189  10:06  Marine  
  194  10:08  Marine  
  194  10:09  Siege Tank  
  196  10:14  Supply Depot  
  196  10:24  Marine  
  196  10:25  Marine x3, Marauder x3  
  196  10:26  Marine  
  196  10:27  Marauder  
  190  10:31  Marine  
  169  10:36  Medivac  
  169  10:42  Marine x4  
  170  10:44  Marine  
  170  10:47  Marauder x3  
  170  10:48  Marauder  
  170  10:49  Marine  
  183  11:00  Marine x4  
  183  11:01  Marine  
  187  11:05  Command Center  
  187  11:06  Factory Tech Lab  
  187  11:07  Marine  
  187  11:08  Marine x2, Marauder  
  187  11:09  Marine  
  193  11:18  Marine x4  
  193  11:19  Marine  
  193  11:24  Marine  
Tags
 
Add a new tag
Caveats
  • Supply blocks, unpowered buildings, or Contaminate may cause inaccurate times.
  • Supply counts are checked every 10 seconds.